 Seeded DCSS version 0.31-a0-507-gbafd7f5274 (webtiles) character file.

Game seed: 11267003436938285035 (custom seed)

2182 innerfire43 the Insei (level 9, -1/68 HPs)
             Began as a Gnoll Shapeshifter on Aug 9, 2023.
             Slain by a vampire (9 damage)
             ... on level 7 of the Dungeon.
             The game lasted 00:04:56 (5103 turns).

innerfire43 the Insei (Gnoll Shapeshifter)          Turns: 5103, Time: 00:04:57

Health: -1/68      AC: 15    Str: 14    XL:     9   Next: 33%
Magic:  15/15      EV: 13    Int: 11    God:
Gold:   335        SH:  0    Dex: 17    Spells: 16/16 levels left

rFire   . .          .
                       - Unarmed
rCold   . . .        (shield currently unavailable)
rNeg    . . .        v - +4 ring mail of Context {Int+3}
rPois   .            (no helmet)
rElec   .            x - +0 cloak
rCorr   .            (no gloves)
SInv    .            (no boots)
Will    .....        h - amulet of the acrobat
Stlth   +            e - +4 ring of protection
HPRegen 0.31/turn    (no ring)
MPRegen 0.14/turn

%: acrobat
@: flux-form, glowing, invisible (but backlit and visible)
A: glow, contaminating, fangs 1, strong nose, distributed training
a: Begin Untransformation


You were on level 7 of the Dungeon.
You were something dangerously unstable.
You visited 1 branch of the dungeon, and saw 7 of its levels.

You collected 335 gold pieces.

Inventory:

Armour
 a - a +0 animal skin
 v - the +4 ring mail of Context (worn) {Int+3}
   (You found it on level 3 of the Dungeon)

   Int+3:     It affects your intelligence (+3).
 x - a +0 cloak (worn)
Jewellery
 e - a +4 ring of protection (left hand)
 h - an amulet of the acrobat (around neck)
 E - a ring of willpower
Talismans
 c - a beast talisman
 d - a flux talisman (active)
Wands
 y - a wand of iceblast (2)
 A - a wand of charming (11)
 D - a wand of acid (7)
Scrolls
 g - a scroll of torment {unknown}
 i - 4 scrolls of enchant armour {unknown}
 m - a scroll of enchant weapon
 n - a scroll of amnesia {unknown}
 p - 8 scrolls of identify {unknown}
 q - 2 scrolls of blinking {unknown}
 r - 5 scrolls of teleportation {unknown}
 s - a scroll of butterflies {unknown}
 w - 2 scrolls of poison {unknown}
Potions
 b - 2 potions of lignification
 f - 3 potions of brilliance {unknown}
 l - a potion of heal wounds {unknown}
 o - a potion of enlightenment {unknown}
 t - a potion of haste {unknown}
 u - a potion of attraction {unknown}
 z - 2 potions of degeneration {unknown}
 B - a potion of berserk rage {unknown}
 C - a potion of might {unknown}


   Skills:
 + Level 5.0 Fighting
 + Level 4.2 Short Blades
 + Level 4.2 Long Blades
 + Level 4.2 Axes
 + Level 4.2 Maces & Flails
 + Level 4.2 Polearms
 + Level 4.2 Staves
 + Level 4.2 Ranged Weapons
 + Level 4.2 Throwing
 + Level 4.2 Armour
 + Level 6.3 Dodging
 + Level 4.2 Stealth
 + Level 4.2 Shields
 + Level 7.9 Unarmed Combat
 + Level 4.2 Spellcasting
 + Level 3.4 Conjurations
 + Level 3.4 Hexes
 + Level 3.4 Summonings
 + Level 3.4 Necromancy
 + Level 3.4 Translocations
 + Level 3.4 Transmutations
 + Level 3.4 Fire Magic
 + Level 3.4 Ice Magic
 + Level 3.4 Air Magic
 + Level 3.4 Earth Magic
 + Level 3.4 Poison Magic
 + Level 4.6 Invocations
 + Level 4.2 Evocations
 + Level 7.5 Shapeshifting


You had 16 spell levels left.
You didn't know any spells.
Your spell library contained the following spells:

 Spells                   Type           Power      Damage    Failure   Level
 Apportation              Tloc           18%        N/A       11%         1
 Necrotise                Necr           36%        1d5       11%         1
 Shock                    Conj/Air       36%        1d5       11%         1
 Summon Small Mammal      Summ           36%        N/A       11%         1
 Blink                    Tloc           18%        N/A       16%         2
 Ensorcelled Hibernation  Hex/Ice        18%        N/A       16%         2
 Lesser Beckoning         Tloc           18%        N/A       16%         2
 Momentum Strike          Conj/Tloc      18%        3d8       16%         2
 Passwall                 Tmut/Erth      7%         N/A       16%         2
 Swiftness                Air            9%         N/A       32%         3
 Airstrike                Air            4%         2d(1-17)  71%         4
 Alistair's Intoxication  Tmut/Pois      6%         N/A       96%         5


Dungeon Overview and Level Annotations

Branches:
Dungeon (7/15)             Temple (0/1) D:4

Altars:
Hepliaklqana
Kikubaaqudgha
Trog


Innate Abilities, Weirdness & Mutations

You are something dangerously unstable.
You glow with magical radiation, making you easy to see and hit.
Foes you strike become dangerously contaminated with magical radiation.
You are incapable of wielding weapons or throwing items.
You have very sharp teeth.
Your uncanny sense of smell can sniff out nearby items.
Your experience applies equally to all skills.


Message History

You hit the vampire.
The vampire glows dangerously bright.
You bite the vampire, but do no damage.
The vampire is severely damaged.
The vampire hits you!
* * * LOW HITPOINT WARNING * * *
The vampire misses you.
Unknown command.
It was a potion of curing.
You feel better.
An orc comes into view. It is wielding a +0 dagger.
The vampire hits you but does no damage.
The vampire bites you!
* * * LOW HITPOINT WARNING * * *
The vampire draws strength from your injuries!
You hit the vampire but do no damage.
The vampire shudders as magic cascades through it.
You bite something. Something hits you but does no damage. Something bites you.
* * * LOW HITPOINT WARNING * * *
Something draws strength from your injuries!
You hit something but do no damage.
The vampire begins to glow.
The vampire is heavily damaged.
The vampire hits you but does no damage.
The vampire bites you.
* * * LOW HITPOINT WARNING * * *
The vampire draws strength from your injuries!
It was a potion of invisibility.
You become transparent, but the glow from your form prevents you from becoming completely invisible.
A jelly comes into view.
The vampire hits you but does no damage.
The vampire closely misses you.
You hit the vampire.
The vampire glows dangerously bright.
The vampire is heavily damaged.
The vampire hits you.
* * * LOW HITPOINT WARNING * * *
The vampire barely misses you.
As you read the scroll labelled GYTTOU ASEFE, it crumbles to dust.
It is a scroll of enchant weapon.
You aren't carrying any weapons that can be enchanted.
The vampire hits you but does no damage.
The vampire bites you!
You die...

#..........
#######..........
###................
..................
###.#####.###......
#.#..###.## ......
∆ #†##.#.#.# ......
##.##.##.# ## ∆
##B####.# #TV#.#
##. ##O ## # yo
.|o∆ ..|J∆ ##.||∆
#...


You could see a two-headed ogre, a troll, a vampire (invisible, heavy contam),
an orc warrior, a vampire mosquito, a jelly and an orc.

Vanquished Creatures
  Prince Ribbit (D:6)
  Grinder (D:5)
  A steam dragon (D:6)
  3 water moccasins
  A sky beast (D:6)
  A black bear (D:6)
  2 centaurs
  A bullfrog (D:6)
  4 scorpions
  6 hounds
  An orc priest (D:3)
  2 gnoll boudas (D:6)
  A jelly (D:5)
  3 iguanas
  4 sleepcaps
  An orc wizard (D:3)
  8 gnolls
  4 adders
  3 white imps
  2 worms
  3 dart slugs
  14 orcs
  6 ball pythons
  3 bats
  7 endoplasms
  3 giant cockroaches
  2 goblins
  7 hobgoblins
  2 jackals (D:1)
  5 kobolds
  2 quokkas
  5 frilled lizards
  5 rats
114 creatures vanquished.

Vanquished Creatures (others)
  A gnoll (D:6)
1 creature vanquished.

Grand Total: 115 creatures vanquished

Notes
Turn   | Place    | Note
-------+----------+-------------------------------------------
     0 | D:1      | innerfire43 the Gnoll Shapeshifter began the quest for the
                  | Orb.
     0 | D:1      | Reached XP level 1. HP: 17/17 MP: 1/1
    44 | D:1      | Reached XP level 2. HP: 19/23 MP: 2/2
   375 | D:1      | Reached XP level 3. HP: 27/28 MP: 3/3
   715 | D:2      | Reached skill level 1 in Invocations
   837 | D:2      | Reached skill level 1 in Short Blades
   837 | D:2      | Reached skill level 1 in Long Blades
   837 | D:2      | Reached skill level 1 in Axes
   837 | D:2      | Reached skill level 1 in Maces & Flails
   837 | D:2      | Reached skill level 1 in Polearms
   837 | D:2      | Reached skill level 1 in Staves
   837 | D:2      | Reached skill level 1 in Ranged Weapons
   837 | D:2      | Reached skill level 1 in Throwing
   837 | D:2      | Reached skill level 1 in Armour
   837 | D:2      | Reached skill level 1 in Stealth
   837 | D:2      | Reached skill level 1 in Shields
   837 | D:2      | Reached skill level 1 in Spellcasting
   837 | D:2      | Reached skill level 1 in Evocations
  1294 | D:3      | Reached XP level 4. HP: 27/34 MP: 5/5
  1306 | D:3      | Reached skill level 1 in Conjurations
  1306 | D:3      | Reached skill level 1 in Hexes
  1306 | D:3      | Reached skill level 1 in Summonings
  1306 | D:3      | Reached skill level 1 in Necromancy
  1306 | D:3      | Reached skill level 1 in Translocations
  1306 | D:3      | Reached skill level 1 in Transmutations
  1306 | D:3      | Reached skill level 1 in Fire Magic
  1306 | D:3      | Reached skill level 1 in Ice Magic
  1306 | D:3      | Reached skill level 1 in Air Magic
  1306 | D:3      | Reached skill level 1 in Earth Magic
  1306 | D:3      | Reached skill level 1 in Poison Magic
  1760 | D:3      | Reached XP level 5. HP: 31/40 MP: 5/7
  2303 | D:3      | Identified the +4 ring mail of Context {Int+3}
  2370 | D:4      | Reached XP level 6. HP: 23/47 MP: 8/8
  2491 | D:4      | Found a hazy altar of Hepliaklqana.
  2547 | D:4      | Reached skill level 5 in Dodging
  2572 | D:4      | Found a staircase to the Ecumenical Temple.
  2670 | D:4      | Found a bloodstained altar of Trog.
  2951 | D:5      | Entered Level 5 of the Dungeon
  2955 | D:5      | Noticed Grinder
  2957 | D:5      | Found an ancient bone altar of Kikubaaqudgha.
  2964 | D:5      | Paralysed by Grinder for 4 turns
  2989 | D:5      | Killed Grinder
  2990 | D:5      | Reached XP level 7. HP: 44/52 MP: 10/10
  3723 | D:5      | Reached XP level 8. HP: 36/60 MP: 12/12
  3976 | D:6      | Noticed Prince Ribbit
  4011 | D:6      | Killed Prince Ribbit
  4328 | D:6      | Reached XP level 9. HP: 56/66 MP: 14/14
  5075 | D:7      | Reached skill level 5 in Fighting
  5081 | D:7      | Noticed a two-headed ogre
  5081 | D:7      | Noticed a troll
  5086 | D:7      | Identified the +3 war axe "Fumotsiv" {speed, Int+3 Stlth+}
  5103 | D:7      | Slain by a vampire

Illustrated notes

Levels and vault maps discovered:
D:1:      reono_arrival_mine, layout_rooms, serial_bayou_lagoon_b
D:2:      layout_basic
D:3:      layout_loops_ring
D:4:      layout_cave_pools, mainiacjoe_overflow_cross_hatched,
          trog_butcher_becter, minmay_temple_entry_overgrown, serial_glass,
          glass_columns_c, glass_columns_b
D:5:      layout_loops_corners, kiku_gazebo_pond_becter,
          kennysheep_decorative_pillar, uniq_grinder
D:6:      minmay_bubble_buster, layout_basic, uniq_prince_ribbit1
D:7:      minmay_the_grid_square_5x5_3x3
          [minmay_the_grid_square_5x5_three_small,
          minmay_the_grid_square_5x5_detours,
          minmay_the_grid_square_5x5_two_small,
          minmay_the_grid_square_5x5_shuriken,
          minmay_the_grid_square_5x5_megaprize_open,
          minmay_the_grid_square_5x5_n_small,
          minmay_the_grid_square_5x5_bracketed,
          minmay_the_grid_square_5x5_checkered_statues,
          minmay_the_grid_square_5x5_almost_minimal], layout_cave_pods,
          mainiacjoe_overflow_small_starburst, ashenzari_conservatory_becter,
          serial_shops, shop, nicolae_shop_dragon_depot, grunt_ministairs_8

Skill      XL: |  1  2  3  4  5  6  7  8  9 |
---------------+----------------------------+-----
Invocations    | 1 2 3 4 |  4.6
Short Blades   | 1 2 3 4 |  4.2
Long Blades    | 1 2 3 4 |  4.2
Axes           | 1 2 3 4 |  4.2
Maces & Flails | 1 2 3 4 |  4.2
Polearms       | 1 2 3 4 |  4.2
Staves         | 1 2 3 4 |  4.2
Ranged Weapons | 1 2 3 4 |  4.2
Throwing       | 1 2 3 4 |  4.2
Armour         | 1 2 3 4 |  4.2
Stealth        | 1 2 3 4 |  4.2
Shields        | 1 2 3 4 |  4.2
Spellcasting   | 1 2 3 4 |  4.2
Evocations     | 1 2 3 4 |  4.2
Conjurations   | 1 2 3 |  3.4
Hexes          | 1 2 3 |  3.4
Summonings     | 1 2 3 |  3.4
Necromancy     | 1 2 3 |  3.4
Translocations | 1 2 3 |  3.4
Transmutations | 1 2 3 |  3.4
Fire Magic     | 1 2 3 |  3.4
Ice Magic      | 1 2 3 |  3.4
Air Magic      | 1 2 3 |  3.4
Earth Magic    | 1 2 3 |  3.4
Poison Magic   | 1 2 3 |  3.4
Fighting       | 3 4 5 |  5.0
Dodging        | 5 6 |  6.3
Unarmed Combat | 7 |  7.9
Shapeshifting  | 7 |  7.5

Action                     |  1- 3 |  4- 6 |  7- 9 || total
---------------------------+-------+-------+-------++-------
  Melee: Unarmed           |    87 |   173 |   180 ||   440
         Bite              |     9 |    22 |    30 ||    61
  Evoke: Wand              |       |       |     1 ||     1
    Use: Potion            |       |       |     2 ||     2
         Scroll            |       |       |     1 ||     1
 Armour: Animal skin       |     9 |     3 |       ||    12
         Ring mail         |       |    37 |    68 ||   105
  Dodge: Dodged            |    63 |    88 |   130 ||   281
   Form: Flux              |     1 |       |       ||     1

Table legend: (Time is in decaauts)
 A = Elapsed time spent in this place.
 B = Non-inter-level travel time spent in this place.
 C = Inter-level travel time spent in this place.
 D = Time resting spent in this place.
 E = Time spent auto-exploring this place.
 F = Levels seen in this place.
 G = Mean time per level.
                   A        B        C        D        E       F      G
               +--------+--------+--------+--------+--------+-----+--------+
         Total |   5062 |   4878 |    184 |      0 |   3978 |   7 |  723.1 |
       Dungeon |   5062 |   4878 |    184 |      0 |   3978 |   7 |  723.1 |
               +--------+--------+--------+--------+--------+-----+--------+

Top non-repeatable levels by time:
     D:6: 1140 daAuts
     D:3: 1089 daAuts
     D:5: 932 daAuts
     D:2: 688 daAuts
     D:4: 587 daAuts
     D:1: 573 daAuts
     D:7: 52 daAuts
